 Dungeon Crawl Stone Soup version 0.30.0-5-g1a98f26d00 (webtiles) character file.

Game seed: 1658484839103470311

322 meatpath the Digger (level 6, -5/32 HPs)
             Began as a Gargoyle Earth Elementalist on May 10, 2023.
             Slain by an ogre
             ... wielding a +0 giant club
              (21 damage)
             ... on level 5 of the Dungeon.
             The game lasted 00:20:23 (3286 turns).

meatpath the Digger (Gargoyle Earth Elementalist)   Turns: 3286, Time: 00:20:24

Health: -5/32      AC: 10    Str: 11    XL:     6   Next: 47%
Magic:  10/11      EV: 10    Int: 18    God:
Gold:   115        SH:  0    Dex: 10    Spells: 8/12 levels left

rFire   . . .        c - +1 dagger (venom)
rCold   . . .        (no shield)
rNeg    + . .        v - +0 ring mail
rPois   ∞            (no helmet)
rElec   +            (no cloak)
rCorr   .            x - +0 pair of gloves
SInv    .            (no boots)
Will    .....        (no amulet)
Stlth   +            (no ring)
HPRegen 0.25/turn    (no ring)
MPRegen 0.12/turn

%: no passive effects
@: no status effects
A: sickness immunity, AC +4, negative energy resistance 1, electricity
resistance, torment resistance 1, petrification resistance
a: no special abilities


You were on level 5 of the Dungeon.
You visited 1 branch of the dungeon, and saw 5 of its levels.

You collected 275 gold pieces.
You spent 160 gold pieces at shops.

Inventory:

Hand Weapons
 c - a +1 dagger of venom (weapon)
 u - a +0 morningstar
Missiles
 q - 2 silver javelins
Armour
 a - a scarf of invisibility
 v - a +0 ring mail (worn)
 x - a +0 pair of gloves (worn)
Scrolls
 e - 2 scrolls of teleportation
 f - a scroll of brand weapon
 i - a scroll of enchant armour
 j - a scroll of noise
 n - a scroll of torment {unknown}
 r - a scroll of amnesia {unknown}
 s - a scroll of silence {unknown}
 t - a scroll of summoning {unknown}
Potions
 b - a potion of magic
 d - a potion of cancellation {unknown}
 g - a potion of curing
 h - 2 potions of heal wounds {unknown}
 k - a potion of flight {unknown}
 l - 2 potions of attraction {unknown}
 m - a potion of brilliance {unknown}
 o - a potion of ambrosia {unknown}
 p - 2 potions of haste {unknown}


   Skills:
 - Level 1.5 Dodging
 - Level 2.1 Stealth
 + Level 3.8 Spellcasting
 + Level 3.2 Conjurations
 - Level 1.5 Transmutations
 + Level 5.7 Earth Magic


You had 8 spell levels left.
You knew the following spells:

 Your Spells              Type           Power      Damage    Failure   Level
a - Sandblast             Erth           46%        2d11      3%          1
b - Stone Arrow           Conj/Erth      38%        3d9       17%         3

Your spell library contained the following spells:

 Spells                   Type           Power      Damage    Failure   Level
 Passwall                 Tmut/Erth      13%        N/A       12%         2
 Petrify                  Tmut/Erth      16%        N/A       63%         4


Dungeon Overview and Level Annotations

Branches:
Dungeon (5/15)
 Temple: D:4-7

Altars:
Elyvilon
Makhleb
Qazlal

Shops:
D:2 [?[![

Portals:
Abyss: D:3

Annotations:
D:3 2 transporters, HobsGoblin's ghost, weakling DjFE


Innate Abilities, Weirdness & Mutations

You are immune to sickness and miasma.
Your stone body is resilient. (AC +4)
You are immune to poison.
You resist negative energy. (rN+)
You are resistant to electric shocks. (rElec)
You are resistant to unholy torment.
You are immune to petrification.


Message History

You start resting.
Magic restored.
You start resting.
HP restored.
Things that are here:
a +0 trident; a +0 robe; the orc corpse of Blork the orc
Things that are here:
a +0 trident; a +0 robe; the orc corpse of Blork the orc
Found a stone staircase leading up.
e - 2 scrolls of teleportation (gained 1)
Found a hand axe.
You see here a +0 hand axe.
Things that are here:
a +0 club; a goblin skeleton Done exploring.
Done exploring.
There is a stone staircase leading down here.
Okay, then.
Done exploring.
You climb downwards.
The ogre shouts!
Found 15 gold pieces.
There is a stone staircase leading up here.
Unknown command.
You hit the ogre but do no damage. The ogre hits you with a +0 giant club!
Welcome back, meatpath the Gargoyle Earth Elementalist.
Press ? for a list of commands and other information.
Cast which spell? (? or * to list)
Aiming: Sandblast (safe; 3% risk of failure)
Press: ? - help, Shift-Dir - straight line, f - ogre
Aim: an ogre, wielding a +0 giant club (92% to hit)
The blast of sand hits the ogre!
The ogre is moderately wounded.
The ogre hits you with a +0 giant club!
* * * LOW HITPOINT WARNING * * *
Okay, then.
You feel better. The ogre closely misses you.
The ogre hits you with a +0 giant club!!
Ouch! That really hurt!
You die...

###+###
#.....#
#.....#
#.....#
#.....#
#.....##
#@....$#
#.O.<..#
#......#
#......#
#......#
########


You could see an ogre.

Vanquished Creatures
  Blork the orc (D:4)
  A bullfrog (D:4)
  A hound (D:3)
  4 gnolls (D:3)
  4 adders
  A dart slug (D:2)
  2 orcs (D:3)
  6 ball pythons
  12 endoplasms
  5 giant cockroaches
  8 goblins
  4 hobgoblins
  4 jackals (D:3)
  6 quokkas
  7 bats
  2 frilled lizards (D:1)
  8 kobolds
  3 rats
79 creatures vanquished.

Notes
Turn   | Place    | Note
-------+----------+-------------------------------------------
     0 | D:1      | meatpath the Gargoyle Earth Elementalist began the quest
                  | for the Orb.
     0 | D:1      | Reached XP level 1. HP: 10/10 MP: 3/3
    63 | D:1      | You fall into a shaft and drop 1 floor!
    86 | D:2      | Reached skill level 1 in Transmutations
   110 | D:1      | Reached XP level 2. HP: 15/15 MP: 1/5
   279 | D:1      | Reached skill level 4 in Earth Magic
   519 | D:1      | Reached XP level 3. HP: 19/19 MP: 4/6
   901 | D:2      | Found Woesubly's Magic Scroll Boutique.
   902 | D:2      | Found Vigyar's Antique Armour Boutique.
   915 | D:2      | Found Noimi's Antique Armour Shoppe.
   927 | D:2      | Found Xin Wuto's Antique Armour Shoppe.
   931 | D:2      | Found Gojad's Distillery.
  1031 | D:2      | Learned a level 3 spell: Stone Arrow
  1223 | D:2      | Reached XP level 4. HP: 24/24 MP: 1/8
  1316 | D:2      | Reached skill level 1 in Conjurations
  1528 | D:3      | Found a white marble altar of Elyvilon.
  1636 | D:3      | Reached XP level 5. HP: 21/28 MP: 7/9
  1729 | D:3      | Found a one-way gate to the infinite horrors of the Abyss.
  1729 | D:3      | Noticed HobsGoblin's ghost (weakling DjFE)
  1741 | D:3      | Reached skill level 5 in Earth Magic
  1843 | D:3      | Noticed a small abomination
  2111 | D:3      | Found a transporter.
  2121 | D:3      | Found a transporter.
  2243 | D:3      | Found a stormy altar of Qazlal.
  2619 | D:2      | Bought an embroidered scarf for 160 gold pieces
  2688 | D:4      | Found a burning altar of Makhleb.
  2903 | D:4      | Reached XP level 6. HP: 32/32 MP: 7/11
  3096 | D:4      | Noticed Blork the orc
  3110 | D:4      | Killed Blork the orc
  3277 | D:5      | Entered Level 5 of the Dungeon
  3286 | D:5      | Slain by an ogre

Illustrated notes

Levels and vault maps discovered:
D:1:      heliophobic_arrival_henge, layout_rooms
D:2:      layout_rooms, serial_shops, nicolae_shop_overgrown_old_shop,
          nicolae_shop_tiny_glass, shop, nicolae_shop_window_shopping,
          shop_statue, minmay_indecisive_spiral
D:3:      layout_loops_ring, nicolae_qazlal_eye_of_the_storm,
          lemuel_crystal_altar, gammafunk_ghost_abyssal_escape,
          gup_sewer_entry_bubbles, minmay_misc_feat_room
D:4:      layout_cave_pools, bloody_makhleb, nicolae_figureground_pulse,
          uniq_blork_the_orc
D:5:      layout_gridville, general_overflow_altar

Skill      XL: |  1  2  3  4  5  6 |
---------------+-------------------+-----
Transmutations | 1 |  1.5
Earth Magic    | 4 5 |  5.7
Conjurations   | 1 2 3 |  3.2
Spellcasting   | 3 |  3.8
Dodging        | |  1.5
Stealth        | |  2.1

Action                     |  1- 3 |  4- 6 || total
---------------------------+-------+-------++-------
  Melee: Spear             |     7 |       ||     7
         Dagger            |     2 |    13 ||    15
   Cast: Sandblast         |    45 |    57 ||   102
         Stone Arrow       |       |     1 ||     1
    Use: Scroll            |     1 |     3 ||     4
         Potion            |       |     1 ||     1
 Armour: Robe              |     7 |    10 ||    17
         Ring mail         |       |     1 ||     1
  Dodge: Dodged            |    12 |    28 ||    40
